 Dungeon Crawl Stone Soup version 0.22.1-1-ga44c0e5 (webtiles) character file.

6817 brandon the Destroyer (level 10, -12/50 HPs)
             Began as a Deep Elf Fire Elementalist on Oct 5, 2018.
             Was a Priest of Sif Muna.
             Shot with an arrow by a centaur warrior (22 damage)
             ... on level 10 of the Dungeon.
             The game lasted 00:39:38 (14887 turns).

brandon the Destroyer (Deep Elf Fire Elementalist) Turns: 14887, Time: 00:39:39

Health: -12/50     AC:  5    Str:  8    XL:     10   Next: 77%
Magic:  10/36      EV: 13    Int: 27    God:    Sif Muna [***...]
Gold:   606        SH:  0    Dex: 15    Spells: 11/31 levels left

rFire    + . .     SeeInvis .   w - +1 mace of Tension {drain, rElec rPois Str+3 Int+3}
rCold    . . .     Gourm    .   (no shield)
rNeg     . . .     Faith    .   a - +0 robe
rPois    +         Spirit   .   p - +1 helmet
rElec    +         Reflect  .   q - +0 cloak
rCorr    .         Harm     .   (no gloves)
MR       +....                  (no boots)
Stlth    ++........             (no amulet)
HPRegen  0.16/turn              i - ring of protection from fire
MPRegen  0.25/turn              y - ring of magical power

@: divine energy
A: no striking features
a: Stop Divine Energy, Channel Magic, Renounce Religion


You were on level 10 of the Dungeon.
You worshipped Sif Muna.
Sif Muna was most pleased with you.
You were not hungry.

You visited 2 branches of the dungeon, and saw 11 of its levels.
You also visited: Sewer.

You collected 606 gold pieces.

Inventory:

Hand Weapons
 w - the +1 mace of Tension (weapon) {drain, rElec rPois Str+3 Int+3}
   (You found it on level 5 of the Dungeon)

   A truly terrible weapon, it drains the life of those it strikes.
   It affects your strength (+3).
   It affects your intelligence (+3).
   It insulates you from electricity.
   It protects you from poison.
Armour
 a - a +0 robe (worn)
 p - a +1 helmet (worn)
 q - a +0 cloak (worn)
 z - the +5 ring mail "Cecan" {rPois MR+ Int+3}
   (You found it on level 6 of the Dungeon)

   It affects your intelligence (+3).
   It protects you from poison.
   It affects your resistance to hostile enchantments.
Jewellery
 i - a ring of protection from fire (left hand)
 y - a ring of magical power (right hand)
 I - an uncursed ring of flight {unknown}
 J - an uncursed amulet of guardian spirit {unknown}
Wands
 t - a wand of random effects (19)
 u - a wand of clouds (6)
 x - a wand of flame (45)
 F - a wand of iceblast (9)
Scrolls
 d - 4 scrolls of teleportation
 e - 2 scrolls of fear
 f - 3 scrolls of remove curse
 j - 3 scrolls of blinking
 l - a scroll of noise
 o - a scroll of immolation
 B - 2 scrolls of identify {unknown}
 C - a scroll of enchant armour {unknown}
Potions
 b - 3 potions of magic {unknown}
 g - 3 potions of brilliance {unknown}
 h - 2 potions of invisibility {unknown}
 k - 4 potions of curing {unknown}
 m - 3 potions of degeneration {unknown}
 n - 5 potions of lignification {unknown}
 r - a potion of might {unknown}
 s - 2 potions of flight {unknown}
 v - a potion of agility {unknown}
 D - a potion of heal wounds {unknown}
 E - a potion of resistance {unknown}
 G - a potion of haste {unknown}
 H - a potion of berserk rage {unknown}
Miscellaneous
 K - a lamp of fire
Comestibles
 c - 8 rations
 A - 2 chunks of flesh


   Skills:
 - Level 2.4 Dodging
 - Level 2.4 Stealth
 + Level 11.0 Spellcasting
 * Level 12.5 Conjurations
 + Level 9.6 Fire Magic


You had 11 spell levels left.
You knew the following spells:

 Your Spells              Type           Power        Failure   Level  Hunger
a - Flame Tongue          Conj/Fire      #####        1%          1    None
b - Magic Dart            Conj           ####         1%          1    None
c - Conjure Flame         Conj/Fire      ######..     1%          3    None
d - Sticky Flame          Conj/Fire      ######..     1%          4    None
e - Fireball              Conj/Fire      ######....   1%          5    ###....
f - Call Imp              Summ           ##......     6%          2    None
g - Swiftness             Chrm/Air       ##......     6%          2    None
h - Blink                 Tloc           N/A          6%          2    None

Your spell library contained the following spells:

 Spells                   Type           Power        Failure   Level  Hunger
 Throw Flame              Conj/Fire      ######       1%          2    None
 Throw Frost              Conj/Ice       #####.       1%          2    None
 Inner Flame              Hex/Fire       #####...     1%          3    None
 Mephitic Cloud           Conj/Pois/Air  #####...     1%          3    None
 Freeze                   Ice            ##..         3%          1    None
 Throw Icicle             Conj/Ice       #####...     3%          4    None
 Passwall                 Tmut/Erth      ##......     6%          2    None
 Slow                     Hex            ##......     6%          2    None
 Ozocubu's Armour         Chrm/Ice       ##......     12%         3    None
 Passage of Golubria      Tloc           N/A          36%         4    None
 Summon Ice Beast         Ice/Summ       ##......     36%         4    None
 Lee's Rapid Deconstruct  Erth           ##........   71%         5    ###....
 Darkness                 Hex            ##........   99%         6    #####..
 Invisibility             Hex            ##......     99%         6    #####..


Dungeon Overview and Level Annotations

Branches:
Dungeon (10/15)            Temple (1/1) D:7            Lair (0/6) D:10
    Orc: D:9-12

Altars:
Ashenzari
Cheibriados
Dithmenos
Elyvilon
Fedhas
Gozag
Hepliaklqana
Kikubaaqudgha
Makhleb
Nemelex Xobeh
Okawaru
Qazlal
Ru
Sif Muna
Trog
Uskayaw
Vehumet
Wu Jian
Xom
Yredelemnul
Zin
The Shining One

Shops:
D:6 %

Annotations:
D:4 Pikel
D:8 3 runed doors, SaintRoka's ghost, novice GnIE
D:9 Joseph


Message History

Casting: Fireball (safe; 1% risk of failure)
Confirm with . or Enter, or press ? or * to list all spells.
Aiming: Fireball (safe; 1% risk of failure)
Press: ? - help, Shift-Dir - straight line, f - ogre
Aim: an ogre, wielding a giant club The fireball explodes!
The fireball engulfs the ogre.
The ogre is severely wounded.
The centaur warrior shoots an arrow.
The arrow hits you!
Casting: Fireball (safe; 1% risk of failure)
Confirm with . or Enter, or press ? or * to list all spells.
Aiming: Conjure Flame (safe; 1% risk of failure)
Press: ? - help, Dir - move target cursor, p - ogre The fire ignites!
The centaur warrior shoots an arrow.
The arrow barely misses you.
The centaur warrior shoots an arrow.
The arrow hits you!!
Ouch! That really hurt!
* * * LOW HITPOINT WARNING * * *
You see here an arrow.
The centaur warrior shoots an arrow.
The arrow hits you!!
You die...

############
#...........
#.#########.
#.# #. #.#
#.
########.#
#.
#.@......#
#. #
#(########
#.
#.##.#####
## #O§.....#
#.##(###.#
#...c...#
#c#####††..
.#.... . ...


You could see a centaur warrior.

Vanquished Creatures
  A troll (D:9)
  A hornet (D:8)
  2 hippogriffs (D:9)
  A meliai zombie (D:10)
  A wyvern (D:7)
  A vampire (D:10)
  10 yaks
  A water moccasin (D:8)
  4 orc warriors
  2 sky beasts
  A black bear (D:10)
  3 ogres
  4 phantoms
  A centaur (D:8)
  A necrophage (D:8)
  A big kobold (D:7)
  6 bullfrogs
  2 scorpions (D:7)
  14 killer bees
  7 wights
  3 howler monkeys
  A centaur zombie (D:5)
  3 crimson imps
  A hound (D:8)
  4 jellies
  5 orc priests
  4 orc wizards
  A bullfrog skeleton (D:9)
  An iguana (D:7)
  9 worker ants
  A hound skeleton (D:9)
  6 gnolls
  6 adders
  4 shadow imps
  6 oozes
  An adder zombie (D:7)
  2 worms
  2 dart slugs (D:2)
  10 leopard geckos
  27 orcs
  5 ball pythons
  9 bats
  13 giant cockroaches
  4 goblins
  8 hobgoblins
  4 jackals (D:3)
  3 quokkas
  15 frilled lizards
  10 kobolds
  A leopard gecko zombie (D:7)
  A quokka zombie (D:5)
  5 rats
239 creatures vanquished.

Vanquished Creatures (others)
  A hound zombie (D:8)
1 creature vanquished.

Grand Total: 240 creatures vanquished

Notes
Turn   | Place    | Note
-------+----------+-------------------------------------------
     0 | D:1      | brandon the Deep Elf Fire Elementalist began the quest for
                  | the Orb.
     0 | D:1      | Reached XP level 1. HP: 10/10 MP: 6/6
   266 | D:1      | Reached XP level 2. HP: 15/15 MP: 2/8
   272 | D:1      | Learned a level 2 spell: Throw Flame
   362 | D:1      | Reached skill level 2 in Conjurations
  1223 | D:2      | Reached XP level 3. HP: 19/19 MP: 0/10
  1682 | D:1      | Learned a level 3 spell: Conjure Flame
  1870 | D:2      | Reached skill level 3 in Conjurations
  2001 | D:2      | Reached XP level 4. HP: 24/24 MP: 2/11
  2603 | D:2      | Learned a level 4 spell: Sticky Flame
  3049 | D:3      | Reached XP level 5. HP: 28/28 MP: 0/13
  3804 | D:3      | Reached skill level 4 in Conjurations
  4343 | D:3      | Found a burning altar of Makhleb.
  4345 | D:3      | Found a radiant altar of Vehumet.
  4345 | D:3      | Found a hazy altar of Hepliaklqana.
  4347 | D:3      | Found a hide-covered altar of Uskayaw.
  4347 | D:3      | Found a shimmering altar of Xom.
  4347 | D:3      | Found a snail-covered altar of Cheibriados.
  4742 | D:4      | Noticed a slave
  4755 | D:4      | Noticed Pikel
  4755 | D:4      | Noticed a slave
  4780 | D:5      | Entered Level 5 of the Dungeon
  5113 | D:5      | Noticed a centaur
  5195 | D:5      | Reached XP level 6. HP: 32/32 MP: 5/15
  5311 | D:5      | Got an ancient mace
  5312 | D:5      | Identified the +1 mace of Tension {drain, rElec rPois Str+3
                  | Int+3} (You found it on level 5 of the Dungeon)
  5492 | D:6      | Found a glowing drain.
  5528 | Sewer    | Entered a sewer
  5961 | Sewer    | Reached skill level 5 in Conjurations
  6038 | Sewer    | Reached skill level 5 in Spellcasting
  6041 | Sewer    | Reached skill level 5 in Fire Magic
  6447 | D:6      | Learned a level 5 spell: Fireball
  6573 | D:6      | Got a warped ring mail
  6584 | D:6      | Identified the +5 ring mail "Cecan" {rPois MR+ Int+3} (You
                  | found it on level 6 of the Dungeon)
  6606 | D:6      | Reached XP level 7. HP: 36/36 MP: 8/17
  6609 | D:6      | Reached skill level 6 in Conjurations
  6701 | D:6      | Found Ytiriatt's Food Emporium.
  7664 | D:7      | Reached skill level 7 in Conjurations
  7810 | D:7      | Reached XP level 8. HP: 41/41 MP: 6/19
  8183 | D:7      | Got a crystal hand axe
  8184 | D:7      | Identified the +1 hand axe of Kiuqun {elec, rPois Int+2}
                  | (You found it on level 7 of the Dungeon)
  8631 | D:6      | Reached skill level 8 in Conjurations
  9252 | D:7      | Found a staircase to the Ecumenical Temple.
  9262 | Temple   | Entered the Ecumenical Temple
  9412 | Temple   | Became a worshipper of Sif Muna the Loreminder
  9572 | D:8      | Reached skill level 9 in Conjurations
  9934 | D:8      | Reached XP level 9. HP: 45/45 MP: 16/23
  9974 | D:8      | Learned a level 2 spell: Blink
  9982 | D:8      | Learned a level 1 spell: Magic Dart
  9985 | D:8      | Learned a level 2 spell: Swiftness
  9988 | D:8      | Learned a level 2 spell: Call Imp
  9999 | D:8      | Found a runed gate.
  9999 | D:8      | Found a runed gate.
  9999 | D:8      | Found a runed gate.
 10003 | D:8      | Noticed SaintRoka's ghost (novice GnIE)
 10080 | D:8      | Found a radiant altar of Vehumet.
 10268 | D:8      | Found a shattered altar of Ashenzari.
 10453 | D:8      | Reached * piety under Sif Muna
 10829 | D:8      | Reached skill level 10 in Conjurations
 11308 | D:8      | Found a snail-covered altar of Cheibriados.
 11419 | D:8      | Found a basalt altar of Yredelemnul.
 11639 | D:9      | Noticed Joseph
 11644 | D:9      | HP: 1/45 [Joseph/sling bullet (21)]
 11995 | D:9      | Noticed a troll
 11997 | D:9      | Killed a troll
 11997 | D:9      | Reached ** piety under Sif Muna
 12061 | D:9      | Reached skill level 11 in Conjurations
 12064 | D:9      | Reached XP level 10. HP: 48/50 MP: 10/25
 12064 | D:9      | Reached skill level 10 in Spellcasting
 12699 | D:9      | Found a white marble altar of Elyvilon.
 13253 | D:10     | Entered Level 10 of the Dungeon
 13383 | D:10     | Noticed a centaur warrior
 14131 | D:10     | Reached skill level 12 in Conjurations
 14181 | D:10     | Reached *** piety under Sif Muna
 14841 | D:10     | Found a staircase to the Lair.
 14887 | D:10     | Shot with an arrow by a centaur warrior

Skill      XL: |  1  2  3  4  5  6  7  8  9 10 |
---------------+-------------------------------+-----
Conjurations   | 2 3 4 5 7 9 11 12 | 12.5
Fire Magic     | 4 5 6 7 8 9 |  9.6
Spellcasting   | 4 5 6 8 9 11 | 11.0
Dodging        | |  2.4
Stealth        | |  2.4

Action                   |  1- 3 |  4- 6 |  7- 9 | 10-12 || total
-------------------------+-------+-------+-------+-------++-------
Melee: Dagger            |       |    15 |       |       ||    15
       Mace              |       |     2 |    10 |       ||    12
 Cast: Flame Tongue      |    28 |    89 |    72 |    42 ||   231
       Throw Flame       |    38 |    70 |    35 |       ||   143
       Conjure Flame     |       |     2 |     3 |     3 ||     8
       Sticky Flame      |       |     3 |    35 |    31 ||    69
       Fireball          |       |       |    32 |    21 ||    53
       Magic Dart        |       |       |    17 |    41 ||    58
       Blink             |       |       |       |     5 ||     5
       Swiftness         |       |       |       |     1 ||     1
Invok: Divine Energy     |       |       |       |     1 ||     1
  Use: Scroll            |       |     4 |     7 |       ||    11
  Eat: Chunk             |     4 |    10 |     5 |     9 ||    28
       Ration            |       |     2 |     5 |     1 ||     8
Armor: Robe              |     6 |     6 |     9 |    25 ||    46
Dodge: Dodged            |     7 |    28 |    29 |    42 ||   106
